 Dungeon Crawl Stone Soup version 0.21.1-1-g345015fe64 (webtiles) character file.

86 Kohma the Slasher (level 4, -1/36 HPs)
             Began as a Demonspawn Fighter on June 25, 2018.
             Killed from afar by Natasha (12 damage)
             ... with a magic dart
             ... on level 2 of the Dungeon.
             The game lasted 00:05:24 (1690 turns).

Kohma the Slasher (Demonspawn Fighter)              Turns: 1690, Time: 00:05:24

Health: -1/36      AC:  6    Str: 17    XL:     4   Next: 27%
Magic:  4/4        EV:  7    Int: 10    God:
Gold:   41         SH:  8    Dex: 12    Spells: 3/3 levels left

rFire    . . .     SeeInvis .   a - +0 long sword
rCold    . . .     Gourm    .   c - +0 shield
rNeg     . . .     Faith    .   g - +0 ring mail
rPois    .         Spirit   .   (no helmet)
rElec    .         Reflect  .   (no cloak)
rCorr    .         Harm     .   (no gloves)
MR       .....                  (no boots)
Stlth    +.........             (no amulet)
HPRegen  0.12/turn              (no ring)
MPRegen  0.09/turn              (no ring)

@: no status effects
A: rugged brown scales 1, powered by death 1
a: no special abilities


You were on level 2 of the Dungeon.
You were not hungry.

You visited 1 branch of the dungeon, and saw 2 of its levels.

You collected 41 gold pieces.

Inventory:

Hand Weapons
 a - a +0 long sword (weapon)
 o - a cursed -1 short sword
Missiles
 j - 118 stones (quivered)
 l - 25 arrows
Armour
 b - a +0 scale mail
 c - a +0 shield (worn)
 g - a +0 ring mail (worn)
Jewellery
 n - a +3 ring of strength {unknown}
Scrolls
 e - a scroll of fog {unknown}
 i - a scroll of fear {unknown}
 k - a scroll of teleportation {unknown}
 m - 2 scrolls of enchant armour {unknown}
 p - a scroll of identify {unknown}
 q - a scroll of amnesia {unknown}
 t - a scroll of remove curse {unknown}
 v - a scroll of magic mapping {unknown}
Potions
 d - a potion of might
 r - a potion of magic {unknown}
 s - a potion of haste {unknown}
 u - a potion of heal wounds {unknown}
Comestibles
 f - 7 rations
 h - a chunk of flesh


   Skills:
 - Level 3.0 Fighting
 * Level 3.5 Long Blades
 + Level 3.4 Armour
 - Level 2.6 Shields


You had 3 spell levels left.
You didn't know any spells.

Dungeon Overview and Level Annotations

Branches:
Dungeon (2/15)

Altars:
Vehumet

Annotations:
D:2 Natasha


Innate Abilities, Weirdness & Mutations

You are partially covered in rugged brown scales. (AC +1, +3% HP)
You regenerate a little health from kills.


Message History

Natasha claws you.
Okay, then.
Okay, then.
You aren't carrying any items that you can evoke.
You hit Natasha.
Natasha is severely wounded.
Natasha mumbles some strange words.
You miss Natasha.
Natasha is severely wounded.
Natasha howls an incantation.
You feel disoriented. You block Natasha's attack. Natasha barely misses you.
You closely miss Natasha.
Natasha is severely wounded.
Natasha claws you.
You hit Natasha.
Natasha is almost dead.
Natasha stares at you and mumbles some strange words.
The magic dart hits you!
You die...

###########
?....5h@..#
.########.# #.##
#..# #..#
#.###..#####
#.........#
##.#..###.#########
##................


You could see an iron imp and Natasha.

Vanquished Creatures
  An adder (D:1)
  3 dart slugs (D:1)
  4 leopard geckos
  An orc (D:2)
  4 bats
  3 giant cockroaches (D:1)
  8 hobgoblins
  13 jackals
  A quokka (D:2)
  2 ball pythons
  4 frilled lizards
  3 goblins
  8 kobolds
  7 rats
62 creatures vanquished.

Notes
Turn   | Place    | Note
-------+----------+-------------------------------------------
     0 | D:1      | Kohma the Demonspawn Fighter began the quest for the Orb.
     0 | D:1      | Reached XP level 1. HP: 18/18 MP: 1/1
   178 | D:1      | Gained mutation: You are partially covered in rugged brown scales. (AC +1, +3% HP) [demonic ancestry]
   178 | D:1      | Reached XP level 2. HP: 17/24 MP: 2/2
   559 | D:1      | Gained mutation: You regenerate a little health from kills. [demonic ancestry]
   559 | D:1      | Reached XP level 3. HP: 14/29 MP: 3/3
  1263 | D:2      | Reached XP level 4. HP: 30/36 MP: 4/4
  1464 | D:2      | Found a radiant altar of Vehumet.
  1674 | D:2      | Noticed Natasha
  1690 | D:2      | Killed from afar by Natasha

Skill      XL: |  1  2  3 |
---------------+----------+-----
Long Blades    | 2 3 |  3.5
Armour         | 3 |  3.4
Fighting       | |  3.0
Shields        | |  2.6

Action                   |  1- 3 |  4- 6 || total
-------------------------+-------+-------++-------
Melee: Long sword        |   165 |    55 ||   220
  Eat: Chunk             |     2 |     1 ||     3
Armor: Scale mail        |    10 |       ||    10
       Ring mail         |    79 |    21 ||   100
Dodge: Dodged            |    59 |    20 ||    79
Block: Shield            |    88 |    30 ||   118
       Rpst.: Long sword |    21 |     8 ||    29
